 Dungeon Crawl Stone Soup version 0.23.2-1-ga50397a (webtiles) character file.

Game seed: 10181792302551762662

53 Iscandelvey the Vexing (level 3, 0/26 HPs)
             Began as a Demonspawn Arcane Marksman on Apr 30, 2019.
             Slain by an adder (4 damage)
             ... on level 2 of the Dungeon.
             The game lasted 00:12:32 (1571 turns).

Iscandelvey the Vexing (Demonspawn Arcane Marksman) Turns: 1571, Time: 00:12:34

Health: 0/26       AC:  5    Str:  7 (10) XL:     3   Next: 62%
Magic:  2/5        EV: 11    Int: 14 (15) God:
Gold:   69         SH:  0    Dex: 11 (13) Spells: 1/4 levels left

rFire    . . .     SeeInvis .   a - +0 hand crossbow
rCold    . . .     Gourm    .   (no shield)
rNeg     . . .     Faith    .   p - +0 ring mail
rPois    .         Spirit   .   (no helmet)
rElec    .         Reflect  .   (no cloak)
rCorr    .         Harm     .   (no gloves)
MR       .....                  (no boots)
Stlth    +.........             (no amulet)
HPRegen  0.08/turn              (no ring)
MPRegen  0.09/turn              (no ring)

@: lethally poisoned (0 -> -9)
A: powered by death 1, sturdy frame 1
a: no special abilities


You were on level 2 of the Dungeon.
You were not hungry.

You visited 1 branch of the dungeon, and saw 2 of its levels.

You collected 69 gold pieces.

Inventory:

Hand Weapons
 a - a +0 hand crossbow (weapon)
 h - a +0 dagger
 l - a +0 hunting sling
Missiles
 d - 9 bolts (quivered)
 i - 26 stones
 m - 15 sling bullets
Armour
 e - a +0 robe
 p - a +0 ring mail (worn)
Scrolls
 c - a scroll of magic mapping {unknown}
 n - a scroll of amnesia {unknown}
 o - a scroll of teleportation {unknown}
 q - a scroll of enchant weapon {unknown}
 r - a scroll of enchant armour {unknown}
Potions
 g - a potion of might {unknown}
 j - a potion of agility {unknown}
Comestibles
 f - 2 rations
 k - a chunk of flesh


   Skills:
 - Level 1.0 Fighting
 * Level 2.6 Crossbows
 + Level 2.1 Dodging
 + Level 1.3 Spellcasting
 * Level 3.6 Hexes


You had one spell level left.
You knew the following spells:

 Your Spells              Type           Power        Failure   Level  Hunger
a - Corona                Hex            ##.....      11%         1    ##.....
b - Slow                  Hex            ##......     16%         2    ###....

Your spell library contained the following spells:

 Spells                   Type           Power        Failure   Level  Hunger
 Inner Flame              Hex/Fire       #.......     56%         3    ####...
 Portal Projectile        Hex/Tloc       #.....       56%         3    ####...
 Cause Fear               Hex            ##........   71%         4    #####..
 Leda's Liquefaction      Hex/Erth       #.........   92%         4    #####..


Dungeon Overview and Level Annotations

Branches:
Dungeon (2/15)

Altars:
Trog
Vehumet


Innate Abilities, Weirdness & Mutations

You regenerate a little health from kills.
Your movements are slightly less encumbered by armour. (ER -2)


Message History

Confirm with . or Enter, or press ? or * to list all spells.
Aiming: Slow (safe; 13% risk of failure)
Press: ? - help, Shift-Dir - straight line, f/p - adder
Aim: an adder (chance to defeat MR: 57%)
The adder seems to slow down.
You feel sick. The adder bites you.
You are more poisoned.
The adder poisons you!
You feel sick.
* * * LOW HITPOINT WARNING * * *
You feel sick.
* * * LOW HITPOINT WARNING * * *
You feel sick.
There is a stone staircase leading up here.
It was a potion of degeneration.
There was something very wrong with that liquid.
You feel weakened.
You feel dopey.
You feel clumsy. The adder bites you.
* * * LOW HITPOINT WARNING * * *
The adder bites you.
You die...

..( .. ##### .. .....##(
############ #.....(
#..........# #.( #..........#
##( #.......S..## #.
#......@S...## ###.
#...#######..# ##... #.###
##.## #..#.
#####.##########..######.##.
#...รท...##...............##.
#.......#..#######..####....
#.........## ######..###.##.
#........## ....##.....##.
#.......## #..##....##)


You could see 2 adders.

Vanquished Creatures
  An adder (D:2)
  2 oozes
  A worm (D:1)
  2 dart slugs (D:2)
  An orc (D:2)
  2 bats
  4 giant cockroaches (D:1)
  5 goblins
  4 hobgoblins
  A frilled lizard (D:2)
  2 kobolds (D:1)
  2 rats (D:1)
27 creatures vanquished.

Notes
Turn   | Place    | Note
-------+----------+-------------------------------------------
     0 | D:1      | Iscandelvey the Demonspawn Arcane Marksman began the quest
                  | for the Orb.
     0 | D:1      | Reached XP level 1. HP: 15/15 MP: 2/2
   243 | D:1      | Gained mutation: You regenerate a little health from kills.
                  | [demonic ancestry]
   243 | D:1      | Reached XP level 2. HP: 21/21 MP: 3/3
   295 | D:1      | Learned a level 2 spell: Slow
  1153 | D:2      | Found a radiant altar of Vehumet.
  1155 | D:2      | Gained mutation: Your movements are slightly less
                  | encumbered by armour. (ER -2) [demonic ancestry]
  1155 | D:2      | Reached XP level 3. HP: 26/26 MP: 4/4
  1514 | D:2      | Found a bloodstained altar of Trog.
  1571 | D:2      | Slain by an adder

Skill      XL: |  1  2 |
---------------+-------+-----
Crossbows      | 2 |  2.6
Dodging        | 2 |  2.1
Fighting       | |  1.0
Spellcasting   | |  1.3
Hexes          | |  3.6

Action                   || total
-------------------------++-------
Melee: Dagger            ||    53
 Fire: Hand crossbow     ||    38
       Hunting sling     ||    19
 Cast: Slow              ||    19
       Corona            ||    11
  Use: Potion            ||     1
  Eat: Chunk             ||     4
Armor: Robe              ||     6
       Ring mail         ||     5
Dodge: Dodged            ||    42
